 Dungeon Crawl Stone Soup version 0.22-a0-439-gac93bac (webtiles) character file.

8500 xccam the Sculptor of Flesh (level 11, -9/89 HPs)
             Began as a Centaur Fighter on May 29, 2018.
             Was an Elder of Yredelemnul.
             Mangled by a two-headed ogre
             ... wielding a +0 giant spiked club
              (21 damage)
             ... on level 10 of the Dungeon.
             The game lasted 00:25:43 (9456 turns).

xccam the Sculptor of Flesh (Centaur Fighter)       Turns: 9456, Time: 00:25:45

Health: -9/89      AC: 10    Str: 20    XL:     11   Next: 10%
Magic:  10/10      EV:  6    Int: 10    God:    Yredelemnul [****..]
Gold:   369        SH: 10    Dex: 11    Spells: 10/10 levels left

rFire    . . .     SeeInvis .   a - +1 trident
rCold    + . .     Gourm    .   c - +0 shield
rNeg     + . .     Faith    .   w - +1 scale mail of the Orb {+Fly MP-9 Int+3 Slay+2}
rPois    +         Spirit   .   k - +1 helmet
rElec    .         Reflect  .   m - +0 cloak
rCorr    .         Harm     .   (no gloves)
MR       .....                  (no barding)
Stlth    +.........             (no amulet)
HPRegen  0.24/turn              p - ring of Trepidation {rPois rC+ rN+ Stlth+}
MPRegen  0.12/turn              r - ring of stealth

@: very quick
A: large, hooves 3, deformed body, speed 2, tough skin 3
a: Recall Undead Slaves, Injury Mirror, Animate Dead, Drain Life, Renounce
Religion, Evoke Flight


You were on level 10 of the Dungeon.
You worshipped Yredelemnul.
Yredelemnul was greatly pleased with you.
You were not hungry.

You visited 1 branch of the dungeon, and saw 10 of its levels.

You collected 945 gold pieces.
You spent 576 gold pieces at shops.

Inventory:

Hand Weapons
 a - a +1 trident (weapon)
 o - the +2 morningstar of Watchfulness {freeze, rF+ Int+4 Stlth+}
   (You acquired it on level 8 of the Dungeon)

   It has been specially enchanted to freeze those struck by it, causing extra
   injury to most foes and up to half again as much damage against particularly
   susceptible opponents.
   It can also slow down cold-blooded creatures.
   It affects your intelligence (+4).
   It protects you from fire.
   It makes you more stealthy.
Armour
 c - a +0 shield (worn)
 k - a +1 helmet (worn)
 m - a +0 cloak (worn)
 w - the +1 scale mail of the Orb (worn) {+Fly MP-9 Int+3 Slay+2}
   (You bought it in a shop on level 4 of the Dungeon)

   It affects your intelligence (+3).
   It affects your accuracy and damage with ranged weapons and melee attacks
   (+2).
   It affects your magic capacity (-9).
   It lets you fly.
Jewellery
 p - the ring of Trepidation (left hand) {rPois rC+ rN+ Stlth+}
   (You found it on level 5 of the Dungeon)

   [ring of poison resistance]

   It protects you from cold.
   It protects you from poison.
   It protects you from negative energy.
   It makes you more stealthy.
 r - a ring of stealth (right hand)
Wands
 q - a wand of disintegration (4)
 s - a wand of flame (15)
 A - a wand of enslavement (4)
 B - a wand of random effects (35)
Scrolls
 e - 5 scrolls of identify
 i - a scroll of teleportation
 l - a scroll of amnesia
 n - 6 scrolls of blinking
 u - 2 scrolls of remove curse
 x - a scroll of silence
 y - a scroll of random uselessness {unknown}
 z - a scroll of enchant armour
 D - a scroll of enchant weapon
 F - a scroll of magic mapping
 G - a scroll of noise {unknown}
 H - a scroll of immolation
Potions
 b - a potion of heal wounds
 d - a potion of might
 g - a potion of lignification
 h - 4 potions of mutation
 j - a potion of brilliance
 t - 2 potions of curing
 v - a potion of agility
 E - a potion of flight {unknown}
Comestibles
 f - 18 rations
 C - a chunk of flesh


   Skills:
 + Level 5.8 Fighting
 * Level 9.6 Polearms
 - Level 2.6 Armour
 * Level 5.9 Shields
 - Level 11.4 Invocations


You had 10 spell levels left.
You didn't know any spells.
Your spell library was empty.

Dungeon Overview and Level Annotations

Branches:
Dungeon (10/15)            Temple (0/1) D:6            Lair (0/6) D:9
    Orc: D:9-12

Altars:
Dithmenos
Elyvilon
Hepliaklqana
Kikubaaqudgha
Qazlal
Ru
Trog
Uskayaw
Wu Jian
Xom
Yredelemnul
Zin

Shops:
D:4 [   D:7 %   D:9 **


Innate Abilities, Weirdness & Mutations

You have hooves in place of feet.
Armour fits poorly on your strangely shaped body.
You cover ground very quickly.
You have extremely tough skin. (AC +3)


Message History

Your shield and scale mail of the Orb prevent you from hitting the two-headed ogre.
You kick the two-headed ogre!
The two-headed ogre is heavily wounded.
You hit the two-headed ogre. You kick the two-headed ogre.
The two-headed ogre is severely wounded.
The two-headed ogre hits you but does no damage.
The two-headed ogre closely misses you.
You hit the two-headed ogre.
The two-headed ogre is severely wounded.
The two-headed ogre hits you with a giant spiked club. x2
You puncture the two-headed ogre!
You kick the two-headed ogre, but do no damage.
The two-headed ogre is almost dead.
You hit the two-headed ogre.
The two-headed ogre is almost dead.
The two-headed ogre hits you with a giant spiked club!!
* * * LOW HITPOINT WARNING * * *
The two-headed ogre hits you with a giant spiked club!!
You die...
Your body rises from the dead as a mindless zombie.

#........
#.######Z
##########.### #z
#...zz.......# #.
#Z#####......####.
#z#####zz.........
#z##.........###..
#z##.###..Z..# #.#
#@## #.#Z### #.#
#O# #.#.#####.#
#.# #.#z.zZ)...
#.# #.........#
#.# ###########
.!. #.# #.# ###
##.####


You could see a two-headed ogre, 3 friendly flying skulls and a friendly hound
zombie.

Vanquished Creatures
  2 two-headed ogres
  An elephant (D:9)
  2 slime creatures (D:10)
  2 hippogriffs
  A vampire (D:10)
  2 yaks (D:10)
  A basilisk (D:9)
  2 hungry ghosts
  A water moccasin (D:5)
  A sky beast (D:9)
  4 orc warriors
  A black bear (D:5)
  A phantom (D:4)
  A necrophage (D:8)
  A centaur (D:9)
  4 ogres
  A crocodile (D:9)
  A big kobold (D:9)
  5 bullfrogs
  2 scorpions (D:7)
  4 wights (D:7)
  2 crimson imps
  A bullfrog zombie (D:8)
  A quasit (D:7)
  9 hounds
  5 jellies
  A bullfrog skeleton (D:6)
  10 orc wizards
  2 orc priests
  Crazy Yiuf (D:2)
  A centaur skeleton (D:5)
  Terence (D:2)
  2 iguanas
  3 worker ants
  A hound skeleton (D:9)
  3 gnolls (D:6)
  14 adders
  A shadow imp (D:6)
  6 oozes
  An adder zombie (D:6)
  An adder skeleton (D:6)
  A worm (D:2)
  4 dart slugs
  5 leopard geckos
  28 orcs
  4 bats
  6 giant cockroaches
  7 goblins
  7 hobgoblins
  20 jackals
  4 kobolds
  5 quokkas
  A ball python (D:3)
  13 frilled lizards
  A leopard gecko skeleton (D:5)
  6 rats
218 creatures vanquished.

Vanquished Creatures (collateral kills)
  2 two-headed ogres
  A slime creature (D:10)
  A gargoyle (D:10)
  2 yaks (D:10)
  An orc warrior (D:9)
  A necrophage (D:9)
  2 orc priests (D:9)
  2 hounds (D:10)
  2 orc wizards
  An iguana (D:9)
  3 orcs
  2 jackals (D:7)
  3 kobolds (D:9)
23 creatures vanquished.

Vanquished Creatures (others)
  A flying skull (D:10)
  A scorpion (D:6)
  A wight (D:9)
  A scorpion zombie (D:7)
  2 orc zombies (D:9)
6 creatures vanquished.

Grand Total: 247 creatures vanquished

Notes
Turn   | Place    | Note
-------+----------+-------------------------------------------
     0 | D:1      | xccam the Centaur Fighter began the quest for the Orb.
     0 | D:1      | Reached XP level 1. HP: 19/19 MP: 1/1
   151 | D:1      | Reached XP level 2. HP: 19/26 MP: 2/2
   514 | D:1      | Reached XP level 3. HP: 16/31 MP: 3/3
  1009 | D:2      | Noticed Terence
  1028 | D:2      | Killed Terence
  1028 | D:2      | Reached XP level 4. HP: 35/38 MP: 4/4
  1475 | D:2      | Found a sacrificial altar of Ru.
  1492 | D:2      | Reached XP level 5. HP: 35/45 MP: 5/5
  1797 | D:2      | Found a runed door.
  1801 | D:2      | Noticed Crazy Yiuf
  1814 | D:2      | Killed Crazy Yiuf
  1814 | D:2      | Reached skill level 5 in Polearms
  2005 | D:3      | Found a faded altar of an unknown god.
  2019 | D:3      | Became a worshipper of Yredelemnul the Dark
  2019 | D:3      | Reached * piety under Yredelemnul
  2065 | D:3      | Found a hazy altar of Hepliaklqana.
  2120 | D:3      | Reached skill level 1 in Invocations
  2269 | D:3      | Reached XP level 6. HP: 44/51 MP: 7/7
  2355 | D:3      | Reached skill level 2 in Invocations
  2462 | D:4      | Reached ** piety under Yredelemnul
  2500 | D:4      | Reached skill level 3 in Invocations
  2726 | D:4      | Found Lojishrun's Antique Armour Boutique.
  2734 | D:4      | Bought a bloodstained scale mail for 216 gold pieces
  2744 | D:4      | Identified the +1 scale mail of the Orb {+Fly MP-9 Int+3 Slay+2} (You bought it in a shop on level 4 of the Dungeon)
  2768 | D:4      | Reached XP level 7. HP: 51/57 MP: 0/9
  2807 | D:5      | Entered Level 5 of the Dungeon
  2815 | D:5      | Reached skill level 4 in Invocations
  2985 | D:5      | Noticed a two-headed ogre
  3349 | D:5      | Found an ornate altar of the Wu Jian Council.
  3362 | D:5      | Reached skill level 5 in Invocations
  3483 | D:5      | Got a smoking bone ring
  3484 | D:5      | Identified the ring of Trepidation {rPois rC+ rN+ Stlth+} (You found it on level 5 of the Dungeon)
  3597 | D:6      | Reached skill level 6 in Invocations
  3597 | D:6      | Reached XP level 8. HP: 27/63 MP: 3/12
  4083 | D:5      | Killed a two-headed ogre
  4083 | D:5      | Reached skill level 9 in Invocations
  4151 | D:6      | Found a staircase to the Ecumenical Temple.
  4179 | D:6      | Reached *** piety under Yredelemnul
  4503 | D:6      | Reached skill level 10 in Invocations
  4503 | D:6      | Reached XP level 9. HP: 15/69 MP: 7/16
  4639 | D:6      | Found a stormy altar of Qazlal.
  4818 | D:6      | Found a glowing golden altar of the Shining One.
  4820 | D:6      | Found a shimmering altar of Xom.
  4820 | D:6      | Found a hide-covered altar of Uskayaw.
  4839 | D:6      | Found an ancient bone altar of Kikubaaqudgha.
  4839 | D:6      | Found a sacrificial altar of Ru.
  4839 | D:6      | Found a shadowy altar of Dithmenos.
  4900 | D:7      | Found Kiattyst's Food Shoppe.
  5319 | D:7      | Reached skill level 11 in Invocations
  6159 | D:7      | Found a white marble altar of Elyvilon.
  6164 | D:7      | Found a glowing silver altar of Zin.
  6171 | D:7      | Found an ancient bone altar of Kikubaaqudgha.
  6456 | D:8      | Found a hide-covered altar of Uskayaw.
  6558 | D:8      | Identified a scroll of acquirement
  6566 | D:8      | Got a twisted morningstar
  6567 | D:8      | Identified the +2 morningstar of Watchfulness {freeze, rF+ Int+4 Stlth+} (You acquired it on level 8 of the Dungeon)
  6724 | D:8      | Noticed a two-headed ogre
  6731 | D:8      | Killed a two-headed ogre
  6731 | D:8      | Reached XP level 10. HP: 78/78 MP: 9/18
  6735 | D:8      | Reached **** piety under Yredelemnul
  7231 | D:9      | Found a shadowy altar of Dithmenos.
  7231 | D:9      | Found a bloodstained altar of Trog.
  7235 | D:9      | Found Roys's Changing Room.
  7296 | D:9      | Bought a potion of mutation for 120 gold pieces
  7296 | D:9      | Bought a potion of mutation for 120 gold pieces
  7296 | D:9      | Bought a potion of mutation for 120 gold pieces
  7506 | D:9      | Received a gift from Yredelemnul (a wight)
  7541 | D:9      | Noticed a two-headed ogre
  7549 | D:9      | Killed a two-headed ogre
  7872 | D:9      | Noticed an elephant
  7873 | D:9      | Found a staircase to the Lair.
  7892 | D:9      | Killed an elephant
  7911 | D:9      | Reached skill level 5 in Fighting
  8116 | D:9      | Reached skill level 5 in Shields
  8129 | D:9      | Received a gift from Yredelemnul (4 flying skulls)
  8329 | D:9      | Found Newurext's Assorted Antiques.
  8590 | D:10     | Entered Level 10 of the Dungeon
  8611 | D:10     | Noticed a two-headed ogre
  8617 | D:10     | Killed a two-headed ogre
  8618 | D:10     | Noticed a gargoyle
  8628 | D:10     | Killed a gargoyle
  8654 | D:10     | Reached XP level 11. HP: 18/88 MP: 10/19
  9444 | D:10     | Noticed a two-headed ogre
  9456 | D:10     | Mangled by a two-headed ogre

Vault maps used:
D:1:      lightli_arrival_maybe_door_vault, fountainhead, st_stairs_11
D:2:      nicolae_ru_awakened_eye, minmay_tetromino_l4, uniq_crazy_yiuf_cottage,
          uniq_terence
D:3:      lemuel_round_altar, first_ration, chequers_ecumenical_altar_simple,
          minivault_24
D:4:      serial_shops, nicolae_shop_crystal
D:5:      basic_altar
D:6:      lemuel_ice_spiral_2, nicolae_qazlal_general_emergency,
          doesnt_xom_only_xom, minmay_temple_entry_statues_fountains
D:7:      minitemple, serial_shops, shop_coins
D:8:      nicolae_overflow_crystal_walls, hangedman_little_slice_of_home
D:9:      grunt_temple_overflow_open, david_lair_generic, serial_shops,
          kennysheep_little_box, nicolae_transmutations_shop
D:10:     kennysheep_orc_monster_closet_entryway, uniq_urug

Skill      XL: |  1  2  3  4  5  6  7  8  9 10 |
---------------+-------------------------------+-----
Polearms       | 2 3 4 5 6 7 9 |  9.6
Invocations    | 1 3 6 10 11 | 11.4
Shields        | 3 5 |  5.9
Fighting       | 4 5 |  5.8
Armour         | |  2.6

Action                   |  1- 3 |  4- 6 |  7- 9 | 10-12 || total
-------------------------+-------+-------+-------+-------++-------
Melee: Trident           |   117 |   245 |   345 |   200 ||   907
       Kick              |    15 |    44 |    70 |    71 ||   200
       Morningstar       |       |       |     2 |    24 ||    26
Invok: Injury Mirror     |       |       |     3 |       ||     3
       Animate Dead      |       |       |     3 |     4 ||     7
       Recall Undead Sla |       |       |     1 |     3 ||     4
Evoke: Wand              |       |       |    17 |     2 ||    19
  Use: Potion            |       |     1 |     2 |     4 ||     7
       Scroll            |       |       |    19 |       ||    19
 Stab: Sleeping          |       |       |     1 |     2 ||     3
       Distracted        |       |       |       |     2 ||     2
  Eat: Chunk             |       |     5 |     6 |     7 ||    18
       Ration            |       |       |     2 |     1 ||     3
Armor: Scale mail        |    56 |   105 |   193 |    59 ||   413
Dodge: Dodged            |    29 |    48 |    62 |    27 ||   166
Block: Shield            |    47 |    75 |   144 |    67 ||   333

Table legend:
 A = Spawn XP
 B = Non-spawn XP
 C = Spawn XP percentage of total XP
 D = Spawn monster count
 E = Non-spawn monster count
 F = Spawn count percentage of total count
 G = Total turns spent on level
                    A         B        C        D         E        F      G
               +---------+---------+-------+---------+---------+-------+---------
         Total |       0 |   12143 |   0.0 |       0 |     241 |   0.0 |  9456
               +---------+---------+-------+---------+---------+-------+---------
           D:1 |       0 |      65 |   0.0 |       0 |      32 |   0.0 |  1009
           D:2 |       0 |     184 |   0.0 |       0 |      26 |   0.0 |   916
           D:3 |       0 |     175 |   0.0 |       0 |      31 |   0.0 |   507
           D:4 |       0 |     357 |   0.0 |       0 |      15 |   0.0 |   845
           D:5 |       0 |    1474 |   0.0 |       0 |      20 |   0.0 |   576
           D:6 |       0 |     891 |   0.0 |       0 |      23 |   0.0 |  1470
           D:7 |       0 |    1205 |   0.0 |       0 |      27 |   0.0 |  1111
           D:8 |       0 |    1816 |   0.0 |       0 |      23 |   0.0 |   797
           D:9 |       0 |    2905 |   0.0 |       0 |      31 |   0.0 |  1361
          D:10 |       0 |    3071 |   0.0 |       0 |      13 |   0.0 |   864
               +---------+---------+-------+---------+---------+-------+---------
